 Dungeon Crawl Stone Soup version 0.30.1-11-g7821555f0a (webtiles) character file.

Game seed: 386752133045862566

567 Okkudo the Chopper (level 7, -4/64 HPs)
             Began as a Hill Orc Monk on Dec 5, 2023.
             Was a Believer of Beogh.
             Engulfed by a cloud of steam (10 damage)
             ... on level 6 of the Dungeon.
             The game lasted 00:13:01 (4337 turns).

Okkudo the Chopper (Hill Orc Monk)                  Turns: 4337, Time: 00:13:02

Health: -4/64      AC:  7    Str: 16    XL:     7   Next: 33%
Magic:  7/7        EV: 11    Int:  8    God:    Beogh [**....]
Gold:   73         SH:  0    Dex: 13    Spells: 4/6 levels left

rFire   x . .        w - +7 war axe "Acicyat" {flame, rPois rC- rN+++ Int-2}
rCold   . . .        d - orb {light}
rNeg    + + +        k - +0 ring mail
rPois   +            j - +1 helmet
rElec   .            (no cloak)
rCorr   .            (no gloves)
SInv    .            (no boots)
Will    .....        (no amulet)
Stlth   +            e - ring of ice
HPRegen 0.30/turn    (no ring)
MPRegen 0.10/turn

%: no passive effects
@: glowing
A: no striking features
a: Renounce Religion, Smiting


You were on level 6 of the Dungeon.
You worshipped Beogh.
Beogh was pleased with you.
You visited 1 branch of the dungeon, and saw 6 of its levels.

You collected 359 gold pieces.
You spent 286 gold pieces at shops.

Inventory:

Hand Weapons
 w - the +7 war axe "Acicyat" (weapon) {flame, rPois rC- rN+++ Int-2}
   (You bought it in a shop on level 5 of the Dungeon)

   Int:       It affects your intelligence (-2).
   rC:        It makes you vulnerable to cold.
   rPois:     It protects you from poison.
   rN:        It renders you almost immune to negative energy.
Missiles
 f - 5 silver javelins (quivered)
Armour
 d - an orb of light (worn)
 j - a +1 helmet (worn)
 k - a +0 ring mail (worn)
Jewellery
 e - a ring of ice (left hand)
 i - a ring of fire
Wands
 s - a wand of polymorph (12)
 u - a wand of paralysis (11)
Scrolls
 g - 4 scrolls of teleportation
 n - 2 scrolls of poison
 o - 2 scrolls of identify
 t - 3 scrolls of vulnerability
Potions
 a - 2 potions of heal wounds {unknown}
 b - 2 potions of lignification
 c - 2 potions of ambrosia
 h - a potion of brilliance {unknown}
 l - 8 potions of curing
 m - 4 potions of degeneration
 p - 2 potions of attraction {unknown}
 q - a potion of might {unknown}
 r - a potion of flight {unknown}
 v - 2 potions of invisibility {unknown}


   Skills:
 + Level 6.3 Fighting
 * Level 7.9 Axes
 - Level 3.6 Dodging


You had 4 spell levels left.
You knew the following spells:

 Your Spells              Type           Power      Damage    Failure   Level
a - Blink                 Tloc           0%         N/A       77%         2

Your spell library contained the following spells:

 Spells                   Type           Power      Damage    Failure   Level
 Freeze                   Ice            0%         1d3       63%         1
 Summon Small Mammal      Summ           0%         N/A       63%         1
 Lesser Beckoning         Tloc           0%         N/A       77%         2
 Momentum Strike          Conj/Tloc      0%         3d8       77%         2
 Call Canine Familiar     Summ           0%         N/A       94%         3
 Frozen Ramparts          Ice            0%         1d1       94%         3
 Hailstorm                Conj/Ice       0%         3d3       94%         3
 Summon Guardian Golem    Hex/Summ       0%         N/A       94%         3
 Vhi's Electric Charge    Tloc/Air       0%         N/A       94%         3
 Arcjolt                  Conj/Air       0%         1d10      100%        5
 Plasma Beam              Fire/Air       0%         2x1d11    100%        6
 Simulacrum               Ice/Necr       0%         N/A       100%        6


Dungeon Overview and Level Annotations

Branches:
Dungeon (6/15)
 Temple: D:4-7

Altars:
Cheibriados
Fedhas
Nemelex Xobeh
Trog
Uskayaw
Vehumet
Xom
The Shining One

Shops:
D:5 ?**!*


Message History

Found 16 gold pieces and a leather armour.
There is a stone staircase leading up here.
Found 10 gold pieces.
Found a mace.
You now have 73 gold pieces (gained 16).
Found a stone staircase leading up.
A steam dragon comes into view.
The steam dragon hisses angrily.
The steam dragon breathes steam at you. The ball of steam hits you!
The steam scalds you terribly!
The steam dragon moves out of view.
You are engulfed in a cloud of scalding steam.
You are engulfed in a cloud of scalding steam.
Found 7 stones.
You barely miss the steam dragon.
You are engulfed in a cloud of scalding steam.
The steam dragon bites you.
The steam dragon claws you but does no damage.
You hit the steam dragon. You burn the steam dragon.
The steam dragon is lightly wounded.
You are engulfed in a cloud of scalding steam.
The steam dragon misses you. x2
You slash the steam dragon! You burn the steam dragon.
The steam dragon is severely wounded.
The steam dragon misses you.
The steam dragon claws you but does no damage.
You hit the steam dragon. You burn the steam dragon.
The steam dragon is severely wounded.
The steam dragon closely misses you. The steam dragon misses you.
You hit the steam dragon but do no damage.
The steam dragon is severely wounded.
The steam dragon breathes steam at you. The ball of steam hits you!!
The steam scalds you terribly!
* * * LOW HITPOINT WARNING * * *
You hear a bark!
You slash the steam dragon! You burn the steam dragon.
You kill the steam dragon!
Beogh accepts your kill.
You are engulfed in a cloud of scalding steam.
You die...

.. ... .... ...(#
############## ...<..
##.$..........#
......##.........#...###
.................#....[#
#......@§...............
#..##..§................
#...§§§..............
#......§§.......<....
#.....§.....##...##..
#....).#..#.#....# .
...#....####.#.....#
..##..... #........
......##..


There were no monsters in sight!

Vanquished Creatures
  A steam dragon (D:6)
  A black bear (D:5)
  2 phantoms (D:5)
  An orc priest (D:5)
  A hound (D:4)
  Jessica (D:3)
  2 iguanas
  A sleepcap (D:4)
  A mummy (D:5)
  2 gnolls (D:4)
  5 adders
  A shadow imp (D:5)
  A worm (D:2)
  6 dart slugs
  5 orcs
  5 endoplasms
  4 giant cockroaches
  10 goblins
  3 hobgoblins (D:1)
  4 jackals (D:4)
  8 kobolds
  5 quokkas
  5 ball pythons
  3 bats
  3 frilled lizards
  4 rats
85 creatures vanquished.

Vanquished Creatures (others)
  An orc priest (D:4)
  An orc wizard (D:4)
  A gnoll (D:4)
  2 orcs (D:4)
  A goblin (D:4)
6 creatures vanquished.

Grand Total: 91 creatures vanquished

Notes
Turn   | Place    | Note
-------+----------+-------------------------------------------
     0 | D:1      | Okkudo the Hill Orc Monk began the quest for the Orb.
     0 | D:1      | Reached XP level 1. HP: 19/19 MP: 1/1
   164 | D:1      | Reached XP level 2. HP: 27/27 MP: 2/2
   351 | D:1      | Reached XP level 3. HP: 28/33 MP: 3/3
   438 | D:1      | Got the Tome of Hoarfrost
   619 | D:2      | Learned a level 2 spell: Blink
   905 | D:2      | Reached XP level 4. HP: 39/41 MP: 4/4
  1048 | D:2      | Reached skill level 5 in Axes
  1574 | D:3      | Noticed Jessica
  1579 | D:3      | Killed Jessica
  2059 | D:3      | Reached XP level 5. HP: 47/47 MP: 5/5
  2455 | D:4      | Became a worshipper of Beogh the Brigand
  2455 | D:4      | Reached * piety under Beogh
  2455 | D:4      | Reached ** piety under Beogh
  2523 | D:4      | Found a shimmering altar of Xom.
  2555 | D:4      | Reached skill level 5 in Fighting
  2575 | D:4      | Found a bloodstained altar of Trog.
  2875 | D:4      | Noticed a +0 dagger
  2876 | D:4      | Noticed a +0 hand axe
  3041 | D:4      | Found a hide-covered altar of Uskayaw.
  3078 | D:4      | Reached XP level 6. HP: 54/56 MP: 6/6
  3249 | D:4      | Reached skill level 6 in Axes
  3409 | D:5      | Entered Level 5 of the Dungeon
  3592 | D:5      | Found Xatwog's Assorted Antiques.
  3733 | D:5      | Found Jugiysaan's Distillery.
  3735 | D:5      | Noticed a black bear
  3750 | D:5      | Reached skill level 7 in Axes
  3750 | D:5      | Reached XP level 7. HP: 60/63 MP: 7/7
  3760 | D:5      | Found a radiant altar of Vehumet.
  3770 | D:5      | Found a blossoming altar of Fedhas.
  3772 | D:5      | Found a sparkling altar of Nemelex Xobeh.
  3773 | D:5      | Found a glowing golden altar of the Shining One.
  3844 | D:5      | Found Acuha's General Store.
  3865 | D:5      | Found Uriraf's Magic Scroll Shop.
  3878 | D:5      | Bought a scroll of identify for 24 gold pieces
  3878 | D:5      | Bought a scroll of identify for 24 gold pieces
  3973 | D:5      | Found Opos Zugep's Assorted Antiques.
  3981 | D:5      | Bought a translucent war axe for 238 gold pieces
  3981 | D:5      | Identified the +7 war axe "Acicyat" {flame, rPois rC- rN+++
                  | Int-2} (You bought it in a shop on level 5 of the Dungeon)
  4231 | D:5      | Found a snail-covered altar of Cheibriados.
  4329 | D:6      | Noticed a steam dragon
  4337 | D:6      | Killed a steam dragon
  4337 | D:6      | Engulfed by a cloud of steam

Illustrated notes

Levels and vault maps discovered:
D:1:      dreamdust_arrival_beginning_and_end, layout_rooms, minivault_26
D:2:      layout_loops_ring
D:3:      layout_basic, minivault_25, st_stairs_14, uniq_jessica
D:4:      layout_loops_ring, dancing_weapons_uskayaw, lemuel_round_altar,
          mainiacjoe_overflow_surrounded_room
D:5:      layout_basic, grunt_temple_overflow_open, slow_altar_2, serial_shops,
          shop, shop, nicolae_shop_stone, nicolae_shop_tiny_waterfront, shop
D:6:      layout_cave_pools, lemuel_coloured_pillars_altar,
          gup_sewer_entry_spiral, serial_shops, shop

Skill      XL: |  1  2  3  4  5  6 |
---------------+-------------------+-----
Fighting       | 4 5 6 |  6.3
Dodging        | 3 |  3.6
Axes           | 5 7 |  7.9

Action                     |  1- 3 |  4- 6 |  7- 9 || total
---------------------------+-------+-------+-------++-------
  Melee: Hand axe          |    99 |    33 |       ||   132
         War axe           |       |    92 |    17 ||   109
  Throw: Javelin           |       |     3 |       ||     3
 Invoke: Convert to Beogh  |       |     1 |       ||     1
    Use: Scroll            |       |     5 |     2 ||     7
 Armour: Leather armour    |    16 |       |       ||    16
         Robe              |     2 |       |       ||     2
         Ring mail         |     8 |    58 |     5 ||    71
  Dodge: Dodged            |    56 |    74 |    10 ||   140
